 Dungeon Crawl Stone Soup version 0.24-a0-284-g9fb9971 (webtiles) character file.

Game seed: 15666872241900857919

167213 MatthieuS the Whirler (level 18, -18/129 HPs)
             Began as a Halfling Hunter on May 5, 2019.
             Was the Champion of Okawaru.
             Killed from afar by a nagaraja (26 damage)
             ... with a poison arrow
             ... on level 4 of the Snake Pit.
             The game lasted 01:43:47 (34959 turns).

MatthieuS the Whirler (Halfling Hunter)            Turns: 34959, Time: 01:43:48

Health: -18/129    AC: 24    Str: 16    XL:     18   Next: 55%
Magic:  26/26      EV: 29    Int:  7    God:    Okawaru [******]
Gold:   1317       SH: 12    Dex: 25    Spells: 17/17 levels left

rFire    . . .     SeeInvis .   q - +8 demon blade "Bloodbane" {slice, *Rage +Rage Stlth-}
rCold    + . .     Gourm    .   t - +2 buckler {reflect}
rNeg     + + .     Faith    +   N - +2 scale mail {rC+}
rPois    .         Spirit   .   C - +0 hat {MR+}
rElec    +         Reflect  +   g - +2 cloak of the Cockroach {rN+ Int-4 Dex+2}
rCorr    .         Harm     .   G - +0 pair of gloves {Dex+3}
MR       +++..     Rnd*Rage +   X - +0 pair of boots {Fly}
Stlth    +++++.....             n - amulet of faith {!P}
HPRegen  0.31/turn              i - +5 ring of protection
MPRegen  0.20/turn              l - ring "Wout" {rElec rN+ Int+2}

@: lethally poisoned (-18 -> -35), heroism, flying, very slightly contaminated
A: small, magic resistance 1, mutation resistance 1
a: Heroism, Finesse, Renounce Religion, Evoke Berserk Rage, Stop Flying


You were on level 4 of the Snake Pit.
You worshipped Okawaru.
Okawaru was exalted by your worship.
You were not hungry.

You visited 5 branches of the dungeon, and saw 28 of its levels.
You also visited: Sewer, Ossuary, Gauntlet and Volcano.

You collected 2701 gold pieces.
You spent 1384 gold pieces at shops.

Inventory:

Hand Weapons
 a - a +1 demon blade of flaming
   (You found it in a volcano)
 q - the +8 demon blade "Bloodbane" (weapon) {slice, *Rage +Rage Stlth-}
   (You found it on level 14 of the Dungeon)

   It inflicts extra damage upon your enemies.
   It lets you go berserk.
   It may make you go berserk in combat.
   It makes you less stealthy.
 w - a +3 fustibalus of venom
   (Okawaru gifted it to you on level 2 of the Lair of Beasts)
Missiles
 k - 41 sling bullets
 m - 550 stones (quivered)
 Y - a throwing net {!f}
Armour
 g - the +2 cloak of the Cockroach (worn) {rN+ Int-4 Dex+2}
   (You found it in a Gauntlet)

   It affects your intelligence (-4).
   It affects your dexterity (+2).
   It protects you from negative energy.
 t - a +2 buckler of reflection (worn)
   (Okawaru gifted it to you on level 3 of the Snake Pit)
 B - a +2 buckler of poison resistance
   (Okawaru gifted it to you on level 1 of the Orcish Mines)
 C - a +0 hat of magic resistance (worn)
   (You found it on level 6 of the Lair of Beasts)
 G - a +0 pair of gloves of dexterity (worn)
   (You found it in a Gauntlet)
 M - a scarf of resistance
   (You acquired it on level 13 of the Dungeon)
 N - a +2 scale mail of cold resistance (worn)
   (You bought it in a shop on level 2 of the Orcish Mines)
 V - a +0 buckler of fire resistance
   (Okawaru gifted it to you on level 5 of the Lair of Beasts)
 X - a +0 pair of boots of flying (worn)
   (Okawaru gifted it to you on level 1 of the Lair of Beasts)
Jewellery
 i - a +5 ring of protection (left hand)
   (You found it on level 14 of the Dungeon)
 l - the ring "Wout" (right hand) {rElec rN+ Int+2}
   (You found it on level 15 of the Dungeon)

   [ring of positive energy]

   It affects your intelligence (+2).
   It insulates you from electricity.
   It protects you from negative energy.
 n - an amulet of faith (around neck) {!P}
   (You found it on level 2 of the Dungeon)
 r - the ring "Juforho" {Str+7 Dex+4 SInv}
   (You found it in a Gauntlet)

   [ring of see invisible]

   It affects your strength (+7).
   It affects your dexterity (+4).
   It lets you see invisible.
 H - an uncursed amulet of regeneration
   (You took it off an orc wizard on level 7 of the Dungeon)
Wands
 c - a wand of clouds (5)
   (You found it on level 2 of the Snake Pit)
 d - a wand of iceblast (15)
   (You found it on level 4 of the Dungeon)
 u - a wand of paralysis (14)
   (You found it on level 6 of the Dungeon)
 v - a wand of digging (5)
   (You took it off Maurice on level 8 of the Dungeon)
 x - a wand of acid (7)
   (You found it on level 9 of the Dungeon)
Scrolls
 b - 4 scrolls of enchant weapon
 f - 8 scrolls of identify {@r1}
 h - 17 scrolls of remove curse {@r2}
 j - a scroll of fear
 s - 6 scrolls of magic mapping
 y - 15 scrolls of teleportation {@r4}
 D - a scroll of holy word
 O - 3 scrolls of blinking
 P - 3 scrolls of fog
 S - 10 scrolls of enchant armour
 T - 2 scrolls of silence
 U - 2 scrolls of immolation {!r}
 Z - a scroll of amnesia
Potions
 p - 2 potions of haste {@q3}
 z - 3 potions of cancellation
 A - 4 potions of magic
 E - 8 potions of might
 I - 4 potions of brilliance
 J - 4 potions of curing {@q1}
 K - 2 potions of resistance
 L - 6 potions of agility
 Q - a potion of ambrosia
 R - 2 potions of mutation {!q}
 W - 2 potions of lignification {!q}
Comestibles
 e - 31 rations
 o - a chunk of flesh


   Skills:
 * Level 13.4(18.4) Fighting
   Level 7.1(14.7) Short Blades
 + Level 8.6(14.4) Long Blades
 + Level 18.3(23.3) Slings
 + Level 11.9(16.9) Armour
 + Level 12.1(17.1) Dodging
 + Level 12.8(17.8) Stealth
 + Level 9.8(14.8) Shields
 + Level 11.6 Invocations


You had 17 spell levels left.
You didn't know any spells.
Your spell library contained the following spells:

 Spells                   Type           Power        Failure   Level  Hunger
 Animate Skeleton         Necr           N/A          71%         1    ##.....
 Confusing Touch          Hex            #.....       71%         1    ##.....
 Corona                   Hex            #......      71%         1    ##.....
 Freeze                   Ice            #...         71%         1    ##.....
 Magic Dart               Conj           #...         71%         1    ##.....
 Pain                     Necr           #...         71%         1    ##.....
 Sandblast                Erth           #.....       71%         1    ##.....
 Sting                    Conj/Pois      #...         71%         1    ##.....
 Summon Butterflies       Summ           #.......     71%         1    ##.....
 Blink                    Tloc           N/A          85%         2    ###....
 Call Imp                 Summ           #.......     85%         2    ###....
 Ensorcelled Hibernation  Hex/Ice        #.....       85%         2    ###....
 Passwall                 Tmut/Erth      #.......     85%         2    ###....
 Poisonous Vapours        Pois/Air       #.....       85%         2    ###....
 Searing Ray              Conj           #.....       85%         2    ###....
 Slow                     Hex            #.......     85%         2    ###....
 Sticks to Snakes         Tmut           #.......     85%         2    ###....
 Throw Frost              Conj/Ice       #.....       85%         2    ###....
 Call Canine Familiar     Summ           #.......     97%         3    ####...
 Confuse                  Hex            #.......     97%         3    ####...
 Conjure Flame            Conj/Fire      #.......     97%         3    ####...
 Dazzling Spray           Conj/Hex       #.....       97%         3    ####...
 Gell's Gravitas          Tloc           #.........   97%         3    ####...
 Mephitic Cloud           Conj/Pois/Air  #.......     97%         3    ####...
 Ozocubu's Armour         Chrm/Ice       #.......     97%         3    ####...
 Regeneration             Chrm/Necr      #.........   97%         3    ####...
 Spider Form              Tmut/Pois      #.........   97%         3    ####...
 Stone Arrow              Conj/Erth      #.....       97%         3    ####...
 Tukima's Dance           Hex            #.......     97%         3    ####...
 Vampiric Draining        Necr           #.........   97%         3    ####...
 Animate Dead             Necr           N/A          100%        4    #####..
 Force Lance              Conj/Tloc      #.......     100%        4    #####..
 Fulminant Prism          Conj/Hex       #.........   100%        4    #####..
 Ice Form                 Ice/Tmut       #.......     100%        4    #####..
 Iskenderun's Mystic Bla  Conj           #.......     100%        4    #####..
 Olgreb's Toxic Radiance  Pois           #.......     100%        4    #####..
 Petrify                  Tmut/Erth      #.......     100%        4    #####..
 Summon Ice Beast         Ice/Summ       #.......     100%        4    #####..
 Throw Icicle             Conj/Ice       #.......     100%        4    #####..
 Bolt of Magma            Conj/Fire/Erth #.........   100%        5    ######.
 Excruciating Wounds      Chrm/Necr      #.........   100%        5    ######.
 Irradiate                Conj/Tmut      #.........   100%        5    ######.
 Iskenderun's Battlesphe  Conj/Chrm      #.......     100%        5    ######.
 Lee's Rapid Deconstruct  Erth           #.........   100%        5    ######.
 Metabolic Englaciation   Hex/Ice        #.........   100%        5    ######.
 Summon Mana Viper        Hex/Summ       #.......     100%        5    ######.
 Venom Bolt               Conj/Pois      #.........   100%        5    ######.
 Yara's Violent Unravell  Hex/Tmut       #.........   100%        5    ######.
 Freezing Cloud           Conj/Ice/Air   #.........   100%        6    #######
 Hydra Form               Tmut           #.........   100%        6    #######
 Iron Shot                Conj/Erth      #.........   100%        6    #######
 Statue Form              Tmut/Erth      #........    100%        6    #######
 Dragon Form              Tmut           #.........   100%        7    #######
 Malign Gateway           Summ/Tloc      #.........   100%        7    #######
 Monstrous Menagerie      Summ           #.........   100%        7    #######
 Orb of Destruction       Conj           #.........   100%        7    #######
 Spellforged Servitor     Conj/Summ      #.........   100%        7    #######
 Summon Greater Demon     Summ           #.........   100%        7    #######
 Summon Hydra             Summ           #.........   100%        7    #######
 Disjunction              Tloc           #.........   100%        8    #######
 Summon Horrible Things   Summ           #.........   100%        8    #######


Dungeon Overview and Level Annotations

Branches:
Dungeon (15/15)            Temple (1/1) D:6            Lair (6/6) D:8
 Shoals (0/4) Lair:3        Snake (4/4) Lair:3        Slime (0/5) Lair:6
    Orc (2/2) D:10            Elf (0/3) Orc:2        Vaults (0/5) D:14
 Depths (0/5) D:15

Altars:
Ashenzari
Elyvilon
Fedhas
Hepliaklqana
Kikubaaqudgha
Okawaru
Qazlal
Ru
Sif Muna
Trog
Uskayaw
Vehumet
Wu Jian
Xom
Yredelemnul
Zin
Beogh
Jiyva

Shops:
D:7 [   D:8 *   D:11 *   Orc:2 [%(*   Snake:2 }=}

Annotations:
D:11 2 runed translucent doors, exclusion: orange crystal statue
Lair:6 1 runed translucent door


Innate Abilities, Weirdness & Mutations

You are small and have problems with some larger weapons.
You are somewhat resistant to further mutation.
You are resistant to hostile enchantments. (MR+)


Message History

You closely miss the guardian serpent.
The guardian serpent casts a spell at you.
The bolt of poison hits you.
You are more poisoned.
* * * LOW HITPOINT WARNING * * *
The bolt of poison hits the naga sharpshooter!
The naga sharpshooter spits poison at you.
The splash of poison misses you.
The splash of poison hits the guardian serpent but does no damage.
The guardian serpent is poisoned.
You block the anaconda's attack. You block the naga warrior's attack.
You block the nagaraja's attack.
* * * LOW HITPOINT WARNING * * *
The nagaraja constricts you.
Okay, then.
You feel better.
The guardian serpent dies!
You block the anaconda's attack.
The naga sharpshooter shoots an arrow.
The arrow barely misses you. The nagaraja casts a spell at you.
The poison arrow hits you!!
You are poisoned.
* * * LOW HITPOINT WARNING * * *
The nagaraja constricts you.
The anaconda bites you but does no damage.
You block the naga warrior's attack.
Blink to where?
You escape the nagaraja's grasp.
You are very lightly contaminated with residual magic.
As you read the scroll of blinking, it crumbles to dust.
* * * LOW HITPOINT WARNING * * *
You feel sick.
The naga sharpshooter gestures wildly while chanting.
The naga sharpshooter magically shoots an arrow.
You reflect the arrow off your +2 buckler of reflection!
Okay, then.
You feel better.
As you read the scroll of fear, it crumbles to dust.
You assume a fearsome visage.
The naga sharpshooter looks frightened!
The nagaraja resists with some effort.
The naga warrior looks frightened!
The anaconda looks frightened!
The nagaraja spits poison at you. The splash of poison hits you.
You are poisoned.
* * * LOW HITPOINT WARNING * * *
There is a stone staircase leading up here.
You feel sick.
The nagaraja gestures at you while chanting.
The poison arrow hits you!!
You are lethally poisoned!
You die...

......##(..#........#......#
###.(..(##..##......#......#
.((.(...#......#...........#
.....(.##...N..##....##.####
#########.#.....##...##.#
###.....##......#
##....##....### #....##....#
#....@....##
##....####..####
#...#.####.....#
#######...##.....# #.##
##.#.##.....#
#..###....##...###
##..##.....#...##
#..##...#......###
##.......###.....###


You could see a nagaraja.

Vanquished Creatures
  Saint Roka (Orc:2)
  Jorgrun (Orc:2)
  6 nagarajas
  A frost giant (D:15)
  An orc warlord (Orc:1)
  Louise (Snake:3)
  A stone giant (Orc:1)
  An entropy weaver (Gauntlet)
  Azrael (D:13)
  A minotaur (Gauntlet)
  Snorg (D:13)
  A fire dragon (Lair:6)
  9 hydras
  3 vault guards (D:14)
  7 naga warriors
  A catoblepas (D:14)
  Erica (Lair:2)
  7 two-headed ogres
  5 anacondas
  7 centaur warriors
  2 tengu warriors
  An orc high priest (Orc:2)
  Urug (Lair:1)
  8 shock serpents
  Nergalle (Lair:2)
  4 naga sharpshooters
  The ghost of OverlordChaos the Unseen, a journeyman SpAs of Dithmenos (D:12)
  A fire crab (Volcano)
  A salamander mystic (Snake:2)
  2 wizards (Gauntlet)
  3 unseen horrors
  7 naga ritualists
  A swamp dragon (Lair:6)
  A lindwurm (Volcano)
  4 orc knights
  11 mana vipers
  An orc sorcerer (Orc:1)
  10 ugly things
  2 wolf spiders
  2 oklob plants (D:10)
  6 cyclopes
  2 slime creatures (D:13)
  A manticore (D:13)
  7 elephants
  7 salamanders
  A merfolk siren (Lair:3)
  Maurice (D:8)
  A guardian serpent (Snake:1)
  52 black mambas
  7 naga magi
  Psyche (D:11)
  Joseph (D:8)
  11 spiny frogs
  2 gargoyles
  5 komodo dragons
  An efreet (D:14)
  A tengu conjurer (D:15)
  3 rime drakes
  9 hornets
  2 queen bees
  4 meliai
  A polar bear (Lair:5)
  5 trolls
  A jumping spider (Gauntlet)
  Prince Ribbit (Lair:1)
  4 dream sheep (Lair:4)
  12 hippogriffs
  12 blink frogs
  A meliai zombie (D:14)
  A redback (Lair:6)
  A shadow (D:11)
  10 wyverns
  3 wraiths
  7 basilisks
  51 yaks
  Grum (Lair:1)
  3 hungry ghosts
  Sigmund (D:3)
  5 fire bats (Volcano)
  9 humans
  3 steam dragons
  2 fire elementals (D:13)
  4 vampire mosquitoes (D:15)
  3 wargs (Orc:1)
  An acid dragon (D:15)
  19 nagas
  29 water moccasins
  6 porcupines
  5 hell hounds
  3 eyes of draining
  49 orc warriors
  7 ice beasts
  A hornet zombie (D:10)
  3 sky beasts
  5 swamp drakes (Lair:6)
  A black bear (D:6)
  3 necrophages
  A phantom (D:11)
  8 wolves
  9 ogres
  27 centaurs
  12 crocodiles
  3 big kobolds
  An elf zombie (Ossuary)
  23 bullfrogs
  2 gnoll sergeants
  A wyvern zombie (D:9)
  A water moccasin zombie (D:10)
  A wyvern skeleton (D:12)
  6 scorpions
  38 killer bees
  A howler monkey (D:11)
  5 wights (D:11)
  An electric eel (Lair:5)
  3 centaur zombies
  5 crimson imps
  A bullfrog zombie (D:6)
  2 hounds
  A jelly (D:8)
  2 quasits
  3 human zombies (Ossuary)
  24 orc priests
  A bullfrog skeleton (D:11)
  8 centaur skeletons
  A gnoll shaman (Orc:2)
  27 orc wizards
  Jessica (D:3)
  10 iguanas
  Terence (D:2)
  Natasha (thrice) (D:3)
  2 hell rats (Lair:3)
  12 worker ants
  A big kobold zombie (Ossuary)
  A hound zombie (Ossuary)
  3 mummies (Ossuary)
  A worker ant zombie (D:7)
  15 gnolls
  A howler monkey skeleton (D:8)
  21 adders
  10 river rats (Lair:3)
  5 shadow imps
  3 white imps (Gauntlet)
  5 adder zombies
  A worm (D:4)
  5 leopard geckos
  93 orcs
  7 giant cockroaches
  4 goblins
  5 hobgoblins
  10 jackals
  20 kobolds
  5 quokkas
  5 ball pythons
  5 bats
  9 frilled lizards
  2 gnoll zombies (Ossuary)
  4 goblin zombies (Ossuary)
  4 hobgoblin zombies (Ossuary)
  4 jackal zombies (Ossuary)
  A kobold zombie (Ossuary)
  2 leopard gecko zombies
  2 orc zombies (Ossuary)
  2 quokka skeletons (D:8)
  4 quokka zombies (Ossuary)
  10 rats
  3 rat zombies (Ossuary)
  2 fungi
  4 plants
1045 creatures vanquished.

Vanquished Creatures (others)
  A vault guard (D:14)
  A naga sharpshooter (Snake:3)
  A black mamba (Snake:2)
  A guardian serpent (Snake:4)
  A naga (Snake:4)
  An orc warrior (Orc:2)
  An orc wizard (D:5)
  2 bushes (Lair:6)
  12 fungi
  24 plants
45 creatures vanquished.

Grand Total: 1090 creatures vanquished

Notes
Turn   | Place    | Note
-------+----------+-------------------------------------------
     0 | D:1      | MatthieuS the Halfling Hunter began the quest for the Orb.
     0 | D:1      | Reached XP level 1. HP: 14/14 MP: 1/1
    82 | D:1      | Reached skill level 6 in Slings
   109 | D:1      | Reached XP level 2. HP: 19/19 MP: 2/2
   374 | D:1      | Reached XP level 3. HP: 25/25 MP: 3/3
  1236 | D:2      | Noticed Terence
  1257 | D:2      | Killed Terence
  1257 | D:2      | Reached skill level 7 in Slings
  1257 | D:2      | Reached XP level 4. HP: 31/31 MP: 4/4
  1321 | D:3      | Noticed Sigmund
  1333 | D:3      | Killed Sigmund
  1333 | D:3      | Reached skill level 8 in Slings
  1333 | D:3      | Reached XP level 5. HP: 34/37 MP: 5/5
  1333 | D:3      | Reached XP level 6. HP: 39/43 MP: 6/6
  1554 | D:3      | Noticed Jessica
  1559 | D:3      | Killed Jessica
  1584 | D:3      | Noticed Natasha
  1599 | D:3      | Killed Natasha
  1615 | D:3      | Noticed Natasha
  1618 | D:3      | Killed Natasha
  1641 | D:3      | Noticed Natasha
  1647 | D:3      | Killed Natasha
  1931 | D:3      | Reached XP level 7. HP: 49/49 MP: 7/7
  1977 | D:3      | Found a glowing drain.
  1992 | Sewer    | Entered a sewer
  2000 | Sewer    | Reached skill level 9 in Slings
  2251 | Sewer    | Reached skill level 5 in Fighting
  2431 | Sewer    | Identified the Reference Book on Congealing Evil Arts
  2437 | Sewer    | Learned a level 3 spell: Regeneration
  2700 | D:4      | Reached skill level 10 in Slings
  2851 | D:4      | Reached XP level 8. HP: 50/56 MP: 8/8
  3398 | D:5      | Entered Level 5 of the Dungeon
  3730 | D:5      | Reached skill level 11 in Slings
  4024 | D:5      | Found a sand-covered staircase.
  4029 | Ossuary  | Entered an ossuary
  4139 | Ossuary  | Reached XP level 9. HP: 40/63 MP: 7/9
  4593 | Ossuary  | Reached skill level 12 in Slings
  5467 | D:6      | Found a staircase to the Ecumenical Temple.
  5486 | Temple   | Entered the Ecumenical Temple
  5516 | Temple   | Became a worshipper of Warmaster Okawaru
  5547 | D:6      | Reached skill level 1 in Armour
  5775 | D:6      | Reached * piety under Okawaru
  5775 | D:6      | Reached skill level 1 in Invocations
  5892 | D:6      | Found a bloodstained altar of Trog.
  6249 | D:7      | Noticed a hippogriff
  6261 | D:7      | Killed a hippogriff
  6344 | D:7      | Reached XP level 10. HP: 71/72 MP: 11/11
  6538 | D:7      | Reached ** piety under Okawaru
  6538 | D:7      | Reached skill level 13 in Slings
  6609 | D:7      | Found Syestarith's Armour Emporium.
  6681 | D:7      | Found a blossoming altar of Fedhas.
  6683 | D:7      | Found an ancient bone altar of Kikubaaqudgha.
  7041 | D:8      | Found a bloodstained altar of Trog.
  7174 | D:8      | Found a staircase to the Lair.
  7241 | D:8      | Found a hazy altar of Hepliaklqana.
  7274 | D:8      | Noticed Maurice
  7321 | D:8      | Killed Maurice
  7321 | D:8      | Reached *** piety under Okawaru
  7610 | D:8      | Found Erailum's Assorted Antiques.
  7615 | D:8      | Bought a buckler for 121 gold pieces
  7615 | D:8      | Bought a scroll of blinking for 202 gold pieces
  7615 | D:8      | Bought a brown potion for 24 gold pieces
  7630 | D:8      | Received a gift from Okawaru
  7775 | D:8      | Noticed Joseph
  7786 | D:8      | Killed Joseph
  7786 | D:8      | Received a gift from Okawaru
  7786 | D:8      | Reached skill level 1 in Short Blades
  8111 | D:8      | Reached skill level 1 in Shields
  8529 | D:9      | Reached skill level 5 in Stealth
  8545 | D:9      | Reached skill level 5 in Dodging
  8680 | D:9      | Got a heavily runed buckler
  8703 | D:9      | Identified the cursed -3 buckler of Happiness {rF- Regen+
                  | Int+4} (You found it on level 9 of the Dungeon)
  8755 | D:9      | Received a gift from Okawaru
  8937 | D:10     | Entered Level 10 of the Dungeon
  8961 | D:10     | Reached XP level 11. HP: 72/78 MP: 14/14
  9029 | D:10     | Killed an unseen horror
  9029 | D:10     | Reached **** piety under Okawaru
  9029 | D:10     | Received a gift from Okawaru
  9300 | D:10     | Received a gift from Okawaru
  9376 | D:10     | Reached skill level 5 in Armour
  9588 | D:10     | Found a staircase to the Orcish Mines.
  9624 | D:10     | Noticed an oklob plant
  9640 | D:10     | Killed an oklob plant
  9864 | D:10     | Noticed an oklob plant
  9885 | D:10     | Killed an oklob plant
 10192 | D:10     | Found a roughly hewn altar of Beogh.
 10327 | Lair:1   | Entered Level 1 of the Lair of Beasts
 10426 | Lair:1   | Noticed Prince Ribbit
 10429 | Lair:1   | Reached skill level 5 in Invocations
 10438 | Lair:1   | Reached ***** piety under Okawaru
 10444 | Lair:1   | Killed Prince Ribbit
 10466 | Lair:1   | Received a gift from Okawaru
 10466 | Lair:1   | Reached skill level 14 in Slings
 10905 | Lair:1   | Received a gift from Okawaru
 11109 | Lair:1   | Noticed Urug
 11116 | Lair:1   | Reached XP level 12. HP: 76/85 MP: 16/16
 11133 | Lair:1   | Killed Urug
 11133 | Lair:1   | Received a gift from Okawaru
 11318 | Lair:1   | Noticed Grum
 11339 | Lair:1   | Killed Grum
 11768 | Lair:2   | Noticed a four-headed hydra
 12083 | Lair:2   | Reached skill level 5 in Short Blades
 12590 | Lair:2   | Reached skill level 5 in Shields
 12714 | Lair:2   | Noticed Nergalle
 12732 | Lair:2   | Killed Nergalle
 12783 | Lair:2   | Received a gift from Okawaru
 12852 | Lair:2   | Killed a four-headed hydra
 12970 | Lair:2   | Noticed Erica
 12984 | Lair:2   | Killed Erica
 13046 | Lair:2   | Reached XP level 13. HP: 90/90 MP: 16/18
 13532 | Lair:3   | Found a staircase to the Snake Pit.
 13609 | Lair:3   | Received a gift from Okawaru
 13859 | Lair:3   | Reached skill level 15 in Slings
 14258 | Lair:3   | Found a staircase to the Shoals.
 14821 | D:7      | Bought a +2 ring mail of fire resistance for 294 gold
                  | pieces
 15016 | Lair:4   | Found a dark tunnel.
 15021 | Volcano  | Entered a volcano
 15051 | Volcano  | Reached skill level 10 in Fighting
 15497 | Lair:4   | Found a frozen archway.
 15541 | Lair:4   | Noticed a five-headed hydra
 15547 | Lair:4   | Killed a five-headed hydra
 15614 | Lair:4   | Reached skill level 1 in Long Blades
 16119 | Lair:5   | Received a gift from Okawaru
 17340 | Lair:6   | Entered Level 6 of the Lair of Beasts
 17356 | Lair:6   | Reached XP level 14. HP: 99/99 MP: 20/20
 18209 | Lair:6   | Received a gift from Okawaru
 18349 | Lair:6   | Found a runed translucent door.
 18349 | Lair:6   | Found a viscous altar of Jiyva.
 18350 | Lair:6   | Found a staircase to the Slime Pits.
 18457 | Lair:6   | Reached skill level 16 in Slings
 19350 | Lair:6   | Reached skill level 10 in Stealth
 19886 | Orc:1    | Entered Level 1 of the Orcish Mines
 19886 | Orc:1    | Noticed a stone giant
 19895 | Orc:1    | Killed a stone giant
 19895 | Orc:1    | Received a gift from Okawaru
 20224 | Orc:2    | Entered Level 2 of the Orcish Mines
 20242 | Orc:2    | Noticed Saint Roka
 20297 | Orc:2    | Killed Saint Roka
 20297 | Orc:2    | Reached XP level 15. HP: 37/105 MP: 17/21
 20312 | Orc:2    | Received a gift from Okawaru
 20343 | Orc:2    | Gained mutation: You are resistant to hostile enchantments.
                  | (MR+) [potion of mutation]
 20642 | Orc:2    | Found a gate leading to a gauntlet.
 20651 | Gauntlet | Entered a Gauntlet
 20651 | Gauntlet | Found a transporter.
 20651 | Gauntlet | Found a transporter.
 20651 | Gauntlet | Found a transporter.
 20672 | Gauntlet | Found a transporter.
 20672 | Gauntlet | Found a transporter.
 20686 | Gauntlet | Found a transporter.
 20688 | Gauntlet | Found a transporter.
 20698 | Gauntlet | Found a transporter.
 20717 | Gauntlet | Found a transporter.
 20734 | Gauntlet | Found a transporter.
 20738 | Gauntlet | Found a transporter.
 20748 | Gauntlet | Found a transporter.
 20861 | Gauntlet | Got a crude cloak
 20874 | Gauntlet | Identified the +2 cloak of the Cockroach {rN+ Int-4 Dex+2}
                  | (You found it in a Gauntlet)
 20927 | Gauntlet | Reached skill level 5 in Long Blades
 21115 | Gauntlet | Got a bound bronze ring
 21120 | Gauntlet | Identified the ring "Juforho" {Str+7 Dex+4 SInv} (You found
                  | it in a Gauntlet)
 21429 | Gauntlet | Reached skill level 10 in Dodging
 21627 | Orc:2    | Noticed Jorgrun
 21660 | Orc:2    | HP: 1/106 [Jorgrun/+0 quarterstaff of crushing (9)]
 21678 | Orc:1    | Noticed an orc warlord
 22360 | D:11     | Found a runed translucent door.
 22373 | D:11     | Found the +10 large shield of Ignorance {rN+ Int-4}
 22400 | D:11     | Found a runed translucent door.
 22443 | D:11     | Identified the Papyrus of Translocation and Shape Shifting
 22485 | D:11     | Received a gift from Okawaru
 22511 | D:11     | Noticed Psyche
 22518 | D:11     | Killed Psyche
 22605 | D:11     | Found Voawun's Assorted Antiques.
 22608 | D:11     | Bought a scroll of enchant weapon for 187 gold pieces
 22811 | D:12     | Reached skill level 10 in Armour
 23349 | D:12     | Received a gift from Okawaru
 23377 | D:12     | Found a transporter.
 23446 | D:12     | Found a transporter.
 23447 | D:12     | Noticed OverlordChaos's ghost (journeyman SpAs)
 23800 | D:12     | Killed OverlordChaos's ghost
 23805 | D:12     | Reached skill level 10 in Invocations
 24250 | D:13     | Identified a scroll of acquirement
 24331 | D:13     | Reached XP level 16. HP: 113/113 MP: 23/23
 24384 | D:13     | Noticed Snorg
 24395 | D:13     | Killed Snorg
 24630 | D:13     | Received a gift from Okawaru
 24670 | D:13     | Got a scorched ring mail
 24681 | D:13     | Identified the +4 ring mail of Nirrent {Int+2} (You found
                  | it on level 13 of the Dungeon)
 24705 | D:13     | Reached ****** piety under Okawaru
 24705 | D:13     | Reached skill level 17 in Slings
 24741 | D:13     | Noticed Azrael
 24773 | D:13     | Killed Azrael
 25235 | D:14     | Found a basalt altar of Yredelemnul.
 25267 | D:14     | Found the +8 demon blade "Bloodbane" {slice, *Rage +Rage
                  | Stlth-}
 25684 | D:14     | Received a gift from Okawaru
 26278 | D:14     | Found a gate to the Vaults.
 26303 | D:15     | Entered Level 15 of the Dungeon
 27257 | D:15     | Received a gift from Okawaru
 27268 | D:15     | Found a staircase to the Depths.
 27268 | D:15     | Noticed a frost giant
 27282 | D:15     | Killed a frost giant
 27759 | D:15     | Got a heavily runed platinum ring
 27761 | D:15     | Identified the ring "Wout" {rElec rN+ Int+2} (You found it
                  | on level 15 of the Dungeon)
 28018 | Orc:2    | Killed Jorgrun
 28018 | Orc:2    | Received a gift from Okawaru
 28018 | Orc:2    | Reached XP level 17. HP: 87/118 MP: 25/25
 28087 | Orc:2    | Found Daedecut's Armour Shop.
 28096 | Orc:2    | Found Rageofo's Weapon Emporium.
 28096 | Orc:2    | Found Tihuor's Food Boutique.
 28099 | Orc:2    | Found Gehin's Assorted Antiques.
 28140 | Orc:2    | Bought a potion of curing for 87 gold pieces
 28140 | Orc:2    | Bought a scroll of enchant armour for 217 gold pieces
 28170 | Orc:2    | Bought a +2 scale mail of cold resistance for 252 gold
                  | pieces
 28210 | Orc:2    | Found a staircase to the Elven Halls.
 28360 | Orc:2    | Found a roughly hewn altar of Beogh.
 28599 | Orc:1    | Found a roughly hewn altar of Beogh.
 28627 | Orc:1    | Received a gift from Okawaru
 29316 | Snake:1  | Entered Level 1 of the Snake Pit
 31246 | Snake:2  | Received a gift from Okawaru
 32137 | Snake:2  | Reached skill level 18 in Slings
 32435 | Snake:2  | Found Boletim's Gadget Shoppe.
 32435 | Snake:2  | Found Veud's Jewellery Shop.
 32436 | Snake:2  | Found Ucoum's Gadget Shoppe.
 32727 | Snake:3  | Noticed Louise
 32816 | Snake:3  | Killed Louise
 32816 | Snake:3  | Reached XP level 18. HP: 121/128 MP: 19/26
 32921 | Snake:3  | Received a gift from Okawaru
 33173 | Snake:3  | Found a hide-covered altar of Uskayaw.
 33445 | Snake:3  | Received a gift from Okawaru
 33954 | Snake:4  | Entered Level 4 of the Snake Pit
 34953 | Snake:4  | HP: 3/129 [nagaraja/poison arrow (28)]
 34954 | Snake:4  | HP: 1/129 [poisoned by a nagaraja (poison arrow)]
 34959 | Snake:4  | Killed from afar by a nagaraja

Levels and vault maps discovered:
D:1:      mrwooster_arrival_statue_3, layout_basic
D:2:      layout_loops_corners, uniq_terence
D:3:      layout_loops_ring, portal_sewer_entry_b, uniq_sigmund, uniq_jessica,
          uniq_natasha
D:4:      layout_rooms, first_ration, st_stairs_4, kennysheep_path_1,
          minmay_close_crescents
D:5:      layout_loops_corners, enter_ossuary_5
D:6:      layout_loops_ring, lightli_temple_of_fire, minmay_temple_entry_waves,
          grunt_ministairs_10, minmay_misc_feat_doors
D:7:      layout_loops_ring, grunt_temple_overflow_growth_and_decay,
          serial_shops, nicolae_shop_window_shopping
D:8:      layout_rooms, nicolae_overflow_crystal_walls, lair_entry_dummy,
          serial_shops, shop, trog_butcher_becter, uniq_joseph, uniq_maurice
D:9:      layout_loops_ring, corexii_leaking_fountain, grunt_pizzeria
D:10:     layout_rooms, minmay_orc_entry_temple_small, disabler_island
D:11:     layout_cave_pools, serial_park, serial_park_tiny_pond,
          serial_park_square3 [serial_park_minivault_5x5_1],
          serial_park_square2, serial_park_square2, serial_park_tiny_1,
          serial_shops, kennysheep_mini_moat, serial_park_tiny_pond,
          chequers_guarded_unrand_ignorance, uniq_psyche
D:12:     layout_loops_cross, gammafunk_ghost_hive
D:13:     layout_roguey, uniq_azrael, uniq_snorg
D:14:     layout_loops_ring, ximxim_vaults_locker_room,
          yredelemnul_altar_generic, corner_web_ring
D:15:     grunt_enter_depths_snipers, layout_long_grid, small_statue_alley_a
Temple:   compressed_dpeg_circular_temple
Lair:1:   layout_regular_city, st_stairs_3, uniq_grum, uniq_urug,
          uniq_prince_ribbit2
Lair:2:   regret_index_tunnel_blossom, layout_layer_cave, uniq_nergalle,
          uniq_erica
Lair:3:   layout_gridlike, minmay_shoals_entry_lonely_mermaid,
          minmay_snake_entry_six_corridors, kennysheep_rathole,
          grunt_megastairs_5
Lair:4:   layout_big_grid, portal_ice_cave_entry_pillars_1, enter_volcano_4,
          serial_bayou_shore_b, grunt_megastairs_4
Lair:5:   layout_hall_layers, serial_bayou_lagoon_b, infiniplex_staircase_pool_2
Lair:6:   hangedman_lair_tendril_chambers, layout_small_grid,
          guppyfry_lair_end_dragon, slime_altar_2
Snake:1:  layout_onion_interference, grunt_megastairs_2
Snake:2:  layout_cave_shapes, serial_bayou_shore_b, minmay_shop_grove,
          lemuel_fruit_tree
Snake:3:  layout_onion, basic_altar, uniq_louise
Snake:4:  grunt_snake_rune_serpentine_throne, layout_misc_corridors
Orc:1:    layout_caves, enter_bailey_2, mines1_david
Orc:2:    st_orc_rangers, layout_caves, gauntlet_entry_generic,
          kennysheep_orc_chapel, uniq_saint_roka, uniq_jorgrun

Skill      XL: |  1  2  3  4  5  6  7  8  9 10 11 12 13 14 15 16 17 18 |
---------------+-------------------------------------------------------+-----
Slings         | 6 7 8 10 11 12 13 14 15 16 17 18 | 18.3
Fighting       | 2 3 4 5 6 7 8 9 10 11 12 13 | 13.4
Armour         | 2 4 5 6 8 9 10 11 | 11.9
Stealth        | 3 5 6 7 9 10 11 12 | 12.8
Invocations    | 2 4 5 6 8 9 10 11 | 11.6
Dodging        | 3 5 6 7 8 9 10 11 12 | 12.1
Short Blades   | 2 4 6 7 |  7.1
Shields        | 1 4 5 6 7 8 9 |  9.8
Long Blades    | 2 4 6 7 8 |  8.6

Action                   |  1- 3 |  4- 6 |  7- 9 | 10-12 | 13-15 | 16-18 || total
-------------------------+-------+-------+-------+-------+-------+-------++-------
Melee: Short sword       |       |       |   302 |    29 |       |       ||   331
       Hunting sling     |       |       |     4 |       |       |       ||     4
       Demon blade       |       |       |       |       |   361 |   141 ||   502
 Fire: Hunting sling     |    88 |    97 |   480 |   953 |   155 |       ||  1773
       Fustibalus        |       |       |       |       |   919 |  1498 ||  2417
Invok: Heroism           |       |       |       |     2 |    21 |    21 ||    44
       Finesse           |       |       |       |     2 |     8 |     4 ||    14
Evoke: Wand              |       |       |     2 |       |     4 |     1 ||     7
  Use: Scroll            |     3 |       |     9 |    10 |    17 |     6 ||    45
       Potion            |       |       |     5 |     2 |    15 |     4 ||    26
 Stab: Distracted        |       |       |       |       |     2 |       ||     2
       Sleeping          |       |       |       |       |       |     2 ||     2
  Eat: Chunk             |       |     3 |    10 |    13 |    12 |    15 ||    53
       Ration            |       |       |     1 |     2 |     7 |     5 ||    15
Armor: Ring mail         |     5 |     9 |   214 |    72 |    91 |       ||   391
       Chain mail        |       |       |       |       |    43 |    51 ||    94
       Skin              |       |       |       |       |     1 |       ||     1
       Plate armour      |       |       |       |       |       |     9 ||     9
       Scale mail        |       |       |       |       |       |    90 ||    90
Dodge: Dodged            |    21 |    19 |   456 |   189 |   611 |   478 ||  1774
Block: Buckler           |       |       |       |    44 |   258 |   357 ||   659
       Reflection        |       |       |       |       |       |     8 ||     8
       Rpst.: Demon blade |       |       |       |       |    86 |    32 ||   118

Table legend:
 A = Non-vault XP
 B = Vault XP
 C = Vault XP percentage of total XP
 D = Non-vault monster count
 E = Vault monster count
 F = Vault count percentage of total count
                 A         B        C        D         E       F
            +---------+---------+-------+---------+---------+-------
      Total |  163443 |   75433 |  31.6 |     695 |     349 |  33.4
            +---------+---------+-------+---------+---------+-------
        D:1 |      33 |       0 |   0.0 |      19 |       0 |   0.0
        D:2 |      18 |      36 |  66.7 |       5 |       1 |  16.7
        D:3 |     175 |     273 |  60.9 |      23 |       6 |  20.7
        D:4 |     421 |       1 |   0.2 |      24 |       1 |   4.0
        D:5 |     945 |       0 |   0.0 |      32 |       0 |   0.0
        D:6 |     915 |      34 |   3.6 |      17 |       2 |  10.5
        D:7 |    1111 |       0 |   0.0 |      21 |       0 |   0.0
        D:8 |     980 |    1127 |  53.5 |      32 |       6 |  15.8
        D:9 |     886 |     192 |  17.8 |      16 |       1 |   5.9
       D:10 |    1927 |    1296 |  40.2 |      21 |       8 |  27.6
       D:11 |    6051 |     691 |  10.2 |      36 |       3 |   7.7
       D:12 |   10539 |    2383 |  18.4 |      51 |      12 |  19.0
       D:13 |   10222 |    3157 |  23.6 |      31 |       7 |  18.4
       D:14 |    9029 |    4483 |  33.2 |      26 |      11 |  29.7
       D:15 |   14922 |    3144 |  17.4 |      45 |       3 |   6.2
     Lair:1 |    3685 |    2824 |  43.4 |      19 |      11 |  36.7
     Lair:2 |    2213 |    7646 |  77.6 |       7 |      48 |  87.3
     Lair:3 |    2742 |    2749 |  50.1 |      11 |      33 |  75.0
     Lair:4 |    2250 |    1743 |  43.7 |       9 |       8 |  47.1
     Lair:5 |    5789 |       0 |   0.0 |      22 |       0 |   0.0
     Lair:6 |    7332 |   14439 |  66.3 |      21 |      53 |  71.6
    Snake:1 |   14612 |     629 |   4.1 |      29 |       2 |   6.5
    Snake:2 |   19690 |       0 |   0.0 |      31 |       0 |   0.0
    Snake:3 |   23700 |    1591 |   6.3 |      43 |       1 |   2.3
    Snake:4 |   15167 |    1640 |   9.8 |      21 |       3 |  12.5
      Orc:1 |    7014 |       0 |   0.0 |      62 |       0 |   0.0
      Orc:2 |    1075 |   16140 |  93.8 |      21 |      55 |  72.4
      Sewer |       0 |     220 | 100.0 |       0 |      17 | 100.0
    Ossuary |       0 |     372 | 100.0 |       0 |      36 | 100.0
    Volcano |       0 |    2744 | 100.0 |       0 |       9 | 100.0
   Gauntlet |       0 |    5879 | 100.0 |       0 |      12 | 100.0
            +---------+---------+-------+---------+---------+-------
